woodfighter, chaotic female human Rogue ## B@f###### ---.--+---.- |..........| |.....<....| |..........| |..........| ------------ woodfighter the Rogue Experience level: 7 Strength: 17 Dexterity: 16 Constitution: 13 Intelligence: 11 Wisdom: 14 Charisma: 8 Health: 0(52) Energy: 32(32) Def: 11 Gold: 37 Moves: 5868 Dungeon seed: 03A1mAaykOyDCnPC Game ID: woodfighter_1556822320 Your Inventory: Coins $ - 37 gold pieces Amulets M - an uncursed amulet of ESP (being worn) Weapons a - a +0 short sword (weapon in hand) s - 6 +0 daggers (in quiver) Armor g - an uncursed +0 cloak of invisibility (being worn) i - an uncursed +0 dwarvish mithril-coat (being worn) n - a blessed +0 orcish helm (being worn) z - a blessed +2 pair of speed boots (being worn) Comestibles m - 4 uncursed food rations x - 2 uncursed eucalyptus leaves O - a cursed egg P - 2 cursed eucalyptus leaves T - 2 cursed sprigs of wolfsbane Z - an uncursed lizard corpse Scrolls N - an uncursed scroll of enchant weapon Spellbooks L - an uncursed spellbook of wizard lock Potions j - 3 uncursed potions of hallucination Tools c - an uncursed stethoscope y - an uncursed lock pick W - an uncursed blindfold Spells and supernatural/magical abilities: Name Level Category Fail Memory W - pray for help -- divine ? -- Your skills at the end: Miscellaneous Skills wands [Basic] Weapon Skills dagger [Basic] short sword [Basic] Spellcasting Skills Final Attributes: You were piously aligned. You were telepathic. You were invisible. You were somewhat stealthy. You were very fast. You are dead. Vanquished creatures: a ghost a small mimic a human mummy a leather golem a lizard a mumak a gnome king 2 dingos a dwarf lord a blue jelly a dust vortex a raven a gnome mummy a yellow light 3 Mordor orcs 2 rock piercers a gnome lord a gnomish wizard 3 gray oozes a straw golem a paper golem 3 giant ants a kobold lord a kobold shaman 2 iguanas 2 hill orcs 3 rothes a rabid rat a centipede 2 jitterbugs 2 giant bats a killer bee 2 gas spores a hobbit a large kobold 5 geckos a hobgoblin a cave spider 2 yellow molds 5 jackals 2 kobolds 4 newts 4 goblins 2 sewer rats 6 grid bugs a bat 4 lichens 87 creatures vanquished. Voluntary challenges: You did not cause conflict. You did not have reflection. You were not displaced. You had been an atheist until turn 4217. You used a wielded weapon 164 times, starting on turn 194. You did not apply a unicorn horn. You did not use plumbed fixtures. You did not drink any magical draughts. You were illiterate. You never genocided any monsters. You never polymorphed an object. You never changed form. You used no wishes. You never split a pudding. You never wrote Elbereth's name. You never violated your personal moral code. Dungeon overview: The Dungeons of Doom: levels 1 to 10 Level 1 a fountain a long staircase Level 2 a general store Level 3 stairs to The Gnomish Mines Level 4 a fountain Level 5 an armor shop, a sink Level 6 a fountain Level 7 a fountain Level 8 (stash) a delicatessen, an altar to Mog, a fountain Level 9 many fountains Level 10 <- You were here The Gnomish Mines: Level 4 stairs to The Dungeons of Doom History has recorded: On T:1 you entered the Dungeons of Doom to retrieve the Amulet of Yendor! On T:111 you reached level 2 of The Dungeons of Doom. On T:608 you advanced to experience level 2. On T:622 you reached level 3 of The Dungeons of Doom. On T:843 you advanced to experience level 3. On T:1058 you reached level 1 of The Gnomish Mines. On T:1169 you advanced to experience level 4. On T:1289 you reached level 4 of The Dungeons of Doom. On T:1740 you reached level 5 of The Dungeons of Doom. On T:1947 you advanced to experience level 5. On T:2496 you reached level 6 of The Dungeons of Doom. On T:2855 you reached level 7 of The Dungeons of Doom. On T:3156 you advanced to experience level 6. On T:3938 you reached level 8 of The Dungeons of Doom. On T:4027 you reached level 9 of The Dungeons of Doom. On T:5677 you advanced to experience level 7. On T:5772 you reached level 10 of The Dungeons of Doom. Score breakdown: Gold: 37 ( 3 points) Experience: 7 levels ( 600 points) Exploration: 10 levels ( 270 points) Discoveries: 11 items ( 550 points) Variety of kills: 47 monsters ( 2000 points) Major goal: (nothing yet) ( 0 points) Survival: died (score multiplied by 3) Total score: 10269 Latest messages: The 1st dagger hits the dingo! The 2nd dagger hits the dingo. You throw 2 daggers. The 1st dagger hits the dingo. The 2nd dagger hits the dingo. You throw 2 daggers. The 1st dagger hits the dingo. The 2nd dagger hits the dingo. s - 4 +0 daggers (in quiver). You kill the dingo! The dagger hits the vampire bat! s - 4 +0 daggers (in quiver). The vampire bat misses. The vampire bat bites! You stab the vampire bat. The vampire bat bites! (3x) The vampire bat misses. You stab the vampire bat! The vampire bat bites! (2x) You stab the vampire bat. (2x) The vampire bat bites! (4x) The vampire bat's bite was poisoned! You die... Final status: Goodbye woodfighter the Rogue, poisoned by a vampire bat... You died in The Dungeons of Doom on dungeon level 10 with 10269 points, and 37 pieces of gold, after 5868 moves. You were level 7 with a maximum of 52 hit points when you died.